 Dungeon Crawl Stone Soup version 0.18-a0-917-g8a3da5b (webtiles) character file.

316 dvd the Insei (level 6, -1/44 HPs)
             Began as a Merfolk Transmuter on Dec 26, 2015.
             Slain by Purgy (3 damage)
             ... in a sewer.
             The game lasted 00:09:03 (2635 turns).

dvd the Insei (Merfolk Transmuter)                  Turns: 2635, Time: 00:09:05

Health: -1/44      AC:  2    Str: 10    XL:     6   Next: 44%
Magic:  8/11       EV: 23    Int: 14    God:
Gold:   171        SH:  0    Dex: 20    Spells: 2 memorised, 8 levels left

rFire  . . .     SeeInvis .       - Unarmed
rCold  . . .     Gourm    .     (armour currently unavailable)
rNeg   . . .     Faith    .     (shield currently unavailable)
rPois  x         Spirit   .     (helmet currently unavailable)
rElec  .         Dismiss  .     (cloak currently unavailable)
rCorr  .         Reflect  .     (gloves currently unavailable)
SustAt .         Harm     .     (boots currently unavailable)
MR     .....                    (no amulet)
Stlth  +++.......               (no ring)
                                (no ring)

@: spider-form, not resistant to hostile enchantments, fairly stealthy
A: (change form in water), (swift swim)
a: End Transformation


You were in a sewer.
You were not hungry.
You were a venomous arachnid creature.
You visited 1 branch of the dungeon, and saw 3 of its levels.
You also visited: Sewer.

You collected 171 gold pieces.

Inventory:

Armour
 b - a +0 robe (melded)
 r - a +0 cloak (melded)
Wands
 i - a wand of enslavement (0/24)
Scrolls
 j - 4 scrolls of identify {unknown}
 o - 2 scrolls of random uselessness {unknown}
 q - a scroll of teleportation {unknown}
 s - a scroll of recharging {unknown}
 t - a scroll of enchant armour {unknown}
 u - a scroll of fog {unknown}
Potions
 e - a potion of flight {unknown}
 f - a potion of cure mutation {unknown}
 g - a potion of lignification {unknown}
 h - 2 potions of heal wounds {unknown}
 k - 3 potions of might {unknown}
 m - a potion of ambrosia {unknown}
 n - a potion of invisibility {unknown}
Books
 c - a book of Changes

   Spells                             Type                      Level
   a - Beastly Appendage              Transmutation                1
   b - Sticks to Snakes               Transmutation                2
   c - Spider Form                    Transmutation/Poison         3
   d - Ice Form                       Ice/Transmutation            4
   e - Blade Hands                    Transmutation                5
Comestibles
 a - a meat ration
 d - a bread ration
 l - a slice of pizza
 p - 7 chunks of flesh


   Skills:
 + Level 2.0 Fighting
 + Level 4.1 Dodging
 + Level 2.0 Stealth
 + Level 4.4 Unarmed Combat
 * Level 3.8 Spellcasting
 + Level 4.0 Transmutations
 + Level 0.4 Poison Magic


You had 8 spell levels left.
You knew the following spells:

 Your Spells              Type           Power        Failure   Level  Hunger
a - Beastly Appendage     Trmt           ##....       14%         1    None
b - Spider Form           Trmt/Pois      #.........   45%         3    ###....


Dungeon Overview and Level Annotations

Branches:
Dungeon (3/15)

Altars:

Annotations:
Sewer Purgy


Message History

Purgy is moderately wounded.
Purgy closely misses you. Purgy claws you. Purgy closely misses you.
You barely miss Purgy. You punch Purgy.
Purgy is moderately wounded.
Purgy bites you. Purgy misses you. Purgy barely misses you.
You hit Purgy.
Purgy is heavily wounded.
Purgy bites you!
* * * LOW HITPOINT WARNING * * *
Purgy claws you.
* * * LOW HITPOINT WARNING * * *
Purgy misses you.
Casting: Spider Form
Confirm with . or Enter, or press ? or * to list all spells.
You turn into a venomous arachnid creature.
Your +0 cloak melds into your body.
Your +0 robe melds into your body.
Purgy bites you!
* * * LOW HITPOINT WARNING * * *
Purgy claws you.
You die...

############
#∩##.##.##.#
#.##)##.##.#
#+##+##.##'##'##'#
..............sT.#
≈≈≈≈≈≈≈.≈≈≈≈≈≈≈≈≈#≈≈≈≈≈
≈≈≈≈≈≈≈∩≈≈≈≈≈≈≈≈≈#≈≈≈≈≈
≈≈≈≈≈≈≈.≈≈≈≈≈≈≈≈≈#≈≈≈≈≈
.................######
#+##+##+##+##+##+#


You could see Purgy.

Vanquished Creatures
  Sigmund (D:2)
  Jessica (D:2)
  Terence (D:2)
  4 adders
  An ooze (D:2)
  3 worms
  6 giant geckos
  4 giant cockroaches
  4 goblins
  4 hobgoblins
  7 kobolds
  4 bats
  6 giant newts
  6 rats
52 creatures vanquished.

Notes
Turn   | Place    | Note
--------------------------------------------------------------
     0 | D:1      | dvd the Merfolk Transmuter began the quest for the Orb.
     0 | D:1      | Reached XP level 1. HP: 15/15 MP: 3/3
   210 | D:1      | Reached XP level 2. HP: 21/21 MP: 3/5
   929 | D:2      | Reached XP level 3. HP: 14/26 MP: 4/6
   954 | D:2      | Noticed Terence
   986 | D:2      | Killed Terence
  1002 | D:2      | Noticed Sigmund
  1252 | D:1      | Learned a level 3 spell: Spider Form
  1262 | D:2      | Reached XP level 4. HP: 27/32 MP: 5/8
  1537 | D:2      | Noticed Jessica
  1546 | D:2      | Killed Jessica
  1546 | D:2      | Reached skill level 1 in Stealth
  1642 | D:2      | Killed Sigmund
  1642 | D:2      | Reached skill level 4 in Unarmed Combat
  1642 | D:2      | Reached XP level 5. HP: 19/38 MP: 2/10
  1642 | D:2      | Reached XP level 6. HP: 22/44 MP: 2/11
  2493 | D:3      | Found a glowing drain.
  2497 | Sewer    | Entered a sewer
  2621 | Sewer    | Noticed Purgy
  2635 | Sewer    | HP: 2/44 [Purgy (7)]
  2635 | Sewer    | Slain by Purgy

Vault maps used:
D:1:      minmay_arrival_three_doors, minmay_misc_feat_encased
D:2:      uniq_jessica, uniq_sigmund, uniq_terence
D:3:      wad_river_or_something, gup_sewer_entry_spiral, uniq_natasha
Sewer:    kennysheep_door_sewer

Action                   |  1- 3 |  4- 6 || total
-------------------------+-------+-------++-------
Melee: Unarmed           |    70 |    87 ||   157
 Cast: Beastly Appendage |    14 |     9 ||    23
       Spider Form       |     1 |     8 ||     9
 Stab: Sleeping          |     3 |     6 ||     9
  Eat: Pizza             |     1 |       ||     1
       Chunk             |       |     2 ||     2
       Meat ration       |       |     1 ||     1
